Cogmind - Beta 15 @@@ ROGUE MODE // 2025.05.11 @ 12:37:19 Player: Palikka Result: Destroyed by as-89691 with Assembled Heavy Rifle Performance ------------- Evolutions (0) 0 Regions Visited (2) 400 Robots Destroyed (22) 110 Value Destroyed (337) 337 Prototype IDs (2) 40 Alien Tech Used (0) 0 Bonus (0) 0 TOTAL SCORE: 887 Bonus ------- None Cogmind --------- Core Integrity 0/250 Matter 249/300 Energy 84/100 System Corruption 0% Temperature Cool (0) Movement Core (250) Ox4 Location -10/Mines Parts ------- > --- POWER (1) -------- (None) > --- PROPULSION (2) --- (None) > --- UTILITY (2) ------ Heat Sink Medium Storage Unit > --- WEAPON (2) ------- Assault Rifle > --- INVENTORY (10) --- Light Ion Engine Huge Storage Unit High-capacity Matter Pod (200) Structural Scanner Light Assault Rifle Maul Peak State ------------ > --- POWER ------------ Ion Engine > --- PROPULSION ------- Light Treads Light Treads > --- UTILITY ---------- Medium Storage Unit Terrain Scanner > --- WEAPON ----------- Light Assault Rifle Maul > --- INVENTORY -------- Light Ion Engine Light Treads Light Treads Compact Wheel Heat Sink Huge Storage Unit Medium Matter Pod Assault Rifle Light Assault Rifle Light Assault Rifle [Rating: 9] Favorites ----------- Power Ion Engine Engine Ion Engine Propulsion Light Treads Treads Light Treads Wheel Compact Wheel Utility Medium Storage Unit Device Terrain Scanner Storage Medium Storage Unit Weapon Light Assault Rifle Ballistic Gun Light Assault Rifle Impact Weapon Maul Build | -11 -10 -10 ------- Run | Yrd Mat Min Slots Evolved . | . . . Power . | . . . Propulsion . | . . . Utility . | . . . Weapon . | . . . Parts Attached 23 | 8 8 7 Power 4 | 1 3 . Engine 4 | 1 3 . Core . | . . . Reactor . | . . . Propulsion 6 | 4 . 2 Treads 4 | 2 . 2 Leg . | . . . Wheel 2 | 2 . . Hover . | . . . Flight . | . . . Utility 4 | 1 2 1 Device 2 | . 1 1 Storage 2 | 1 1 . Processor . | . . . Hackware . | . . . Protection . | . . . Artifact . | . . . Weapon 9 | 2 3 4 Energy Gun . | . . . Energy Cannon . | . . . Ballistic Gun 8 | 2 2 4 Ballistic Cannon . | . . . Launcher . | . . . Special Weapon . | . . . Impact Weapon 1 | . 1 . Slashing Weapon . | . . . Piercing Weapon . | . . . Special Melee Weapon . | . . . Unidentified Prototypes . | . . . Parts Lost 10 | . . 10 Power 1 | . . 1 Propulsion 5 | . . 5 Utility 1 | . . 1 Weapon 3 | . . 3 Highest Loss Streak 8 | . . 8 To Critical Strikes . | . . . Average Backups 9 | 2 9 9 Power 1 | . 1 1 Propulsion 2 | 1 3 2 Utility 2 | . 2 3 Weapon 3 | . 3 3 Tool/Special . | . . . Unused Backups 15 | . 7 8 Power 2 | . . 2 Propulsion 3 | . 3 . Utility 6 | . 1 5 Weapon 4 | . 3 1 Tool/Special . | . . . Average Slot Usage (%) 97 | . 98 95 Engine 13 | . 14 13 Treads 27 | . 28 26 Device 12 | . 12 13 Storage 14 | . 14 14 Ballistic Gun 27 | . 28 27 Peak Build Rating 9 | 6 9 8 Average Rating 7 | 4 7 7 On Entrance 4 | . 6 8 Naked Turns . | . . . Heaviest Build 18 | 10 18 18 Greatest Support 40 | 40 40 40 Greatest Overweight (x) 4 | . . 4 Average Overweight (x) . | . . . Largest Inventory Capacity 10 | 8 10 10 Average Capacity 9 | 7 9 10 Most Carried 10 | 6 10 10 Average Carried 9 | 3 9 9 Final Capacity 10 | 8 10 10 Final Carried 10 | 6 10 6 Class Distribution -------------------- 93% | Mutant 6% | Scavenger-Mutant Dominant Class ---------------- Mutant | -10/Materials Mutant | -10/Mines Resources | -11 -10 -10 ----------- Run | Yrd Mat Min Matter Collected 669 | 196 311 162 Remotely . | . . . Salvage Created 588 | . 350 238 Parts 42 | . 26 16 Haulers Intercepted 1 | . 1 . Recyclers Shooed 2 | . 2 . Parts Field Recycled . | . . . Retrieved Matter . | . . . Parts Self-Destructed . | . . . Prevented . | . . . Kills | -11 -10 -10 ------- Run | Yrd Mat Min Combat Hostiles Destroyed 21 | . 8 13 Guns 21 | . 8 13 Classes Destroyed 7 | . 6 1 Worker 1 | . 1 . Hauler 1 | . 1 . Recycler 1 | . 1 . Watcher 1 | . 1 . Swarmer 14 | . 6 8 Grunt 4 | . 2 2 Assembled 3 | . . 3 Best Kill Streak 3 | . 3 3 Combat Bots Only 3 | . 3 3 Max Kills in Single Turn 1 | . 1 1 Gunslinging . | . . . Exploded . | . . . Melee . | . . . Uniques/NPCs Destroyed . | . . . Combat | -11 -10 -10 -------- Run | Yrd Mat Min Hostile Shots Fired 150 | . 44 106 Missed 30 | . 10 20 Hits 120 | . 34 86 Melee 8 | . . 8 Projectile 112 | . 34 78 Critical Strikes 2 | . . 2 Part Disruptions 1 | . . 1 Damage Taken 1446 | . 347 1099 Core 257 | . 40 217 Absorbed by Shields . | . . . Core Remaining (%) 100 | 100 . . Volleys Fired 91 | 1 54 36 Largest 2 | 1 2 2 Hottest 40 | 20 40 40 Shots Fired 180 | 1 108 71 Gun 180 | 1 108 71 Cannon . | . . . Launcher . | . . . Special . | . . . Kinetic 180 | 1 108 71 Thermal . | . . . Explosive . | . . . Electromagnetic . | . . . Robot Hit Streak 9 | 1 9 6 Robot Miss Streak 4 | . 4 2 Penetration Max . | . . . Secondary Targets 5 | . 2 3 Max Gunslinging Chain 1 | . 1 1 Shots Hit Robots 109 | 1 63 45 Core Hits 49 | 1 24 24 Critical Kills . | . . . Critical Parts Destroyed 3 | . 3 . Critical Strikes 3 | . 3 . Destroy 3 | . 3 . Melee Attacks 1 | . 1 . Impact 1 | . 1 . Slashing . | . . . Piercing . | . . . Sneak Attacks . | . . . Combat Hostiles . | . . . Follow-up Attacks . | . . . Damage Inflicted 938 | 8 497 433 Guns 938 | 8 497 433 Cannons . | . . . Explosions . | . . . Melee . | . . . Ramming . | . . . Kinetic 938 | 8 497 433 Thermal . | . . . Explosive . | . . . Electromagnetic . | . . . Impact . | . . . Slashing . | . . . Piercing . | . . . Highest Corruption . | . . . Average Corruption . | . . . Corruption Purged . | . . . Corruption Blocked . | . . . Overload Shots . | . . . Overflow Damage . | . . . Projectiles . | . . . Explosions . | . . . Melee . | . . . Knockbacks . | . . . Impact . | . . . Kinetic . | . . . Secondary . | . . . Self-Inflicted Damage . | . . . Shots . | . . . Rammed . | . . . Targets Rammed . | . . . Kicked . | . . . Crushed . | . . . Highest Temperature 46 | . 25 46 Average Temperature 18 | . 13 23 Received Heat Transfer 372 | . 108 264 Siege Activations . | . . . Martial Activations . | . . . Shielding Activations . | . . . Robots Disrupted . | . . . Combat Hostiles . | . . . Robots Corrupted . | . . . Combat Hostiles . | . . . Parts Fried . | . . . Impact Corruptions . | . . . Robots Melted . | . . . Combat Hostiles . | . . . Parts Melted . | . . . Heat Transferred . | . . . Parts Sabotaged . | . . . Parts Stolen . | . . . Parts Stripped . | . . . Power Chain Reactions . | . . . Alert | -11 -10 -10 ------- Run | Yrd Mat Min Maximum Alert Level . | . . . Low Security (%) 100 | 100 100 100 Level 1 . | . . . Level 2 . | . . . Level 3 . | . . . Level 4 . | . . . Level 5 . | . . . High Security . | . . . Max Security . | . . . Peak Influence 140 | . 140 80 Initial . | . . . Average 42 | . 55 22 Influence Increases 629 | . 389 240 Destroy 0b10 Robot/C 360 | . 160 200 Destroy 0b10 Robot/NC 20 | . 20 . Destroy Leader 74 | . 34 40 Successful Hack 25 | . 25 . Disable Machine 15 | . 15 . Lose Combat Pursuer 135 | . 135 . Influence Decreases 629 | . 389 240 Time Decay 609 | . 389 220 Lost Part 20 | . . 20 Squads Dispatched . | . . . Investigation . | . . . Extermination . | . . . Reinforcement . | . . . Assault . | . . . Garrison . | . . . Intercept . | . . . Searches Triggered . | . . . Construction Impeded . | . . . Haulers Reinforced . | . . . Active Scanning Responses . | . . . Cargo Convoy Interrupts . | . . . Stealth | -11 -10 -10 --------- Run | Yrd Mat Min Distress Signals 2 | . 2 . Communications Jammed . | . . . Distress Signals . | . . . Times Spotted 51 | . 23 28 Peak Tracking Total 17 | . 4 17 Tactical Retreats 7 | . 7 . Traps | -11 -10 -10 ------- Run | Yrd Mat Min Traps Triggered . | . . . Indirectly . | . . . Trap Hack Attempts . | . . . Triggered . | . . . Disarmed . | . . . Reprogrammed . | . . . Reused . | . . . Traps Extracted . | . . . Installed . | . . . Triggered . | . . . Machines | -11 -10 -10 ---------- Run | Yrd Mat Min Machines Disabled 1 | . 1 . Max in Single Turn 1 | . 1 . Machines Repaired . | . . . Machines Dismantled . | . . . Machines Sabotaged . | . . . Overloaded Fab Kills . | . . . Hacking | -11 -10 -10 --------- Run | Yrd Mat Min Machines Accessed 7 | . 7 . Terminals 7 | . 7 . Fabricators . | . . . Repair Stations . | . . . Recycling Units . | . . . Scanalyzers . | . . . Garrison Access . | . . . Total Hacks 17 | . 17 . Successful 7 | . 7 . Failed 10 | . 10 . Catastrophic . | . . . Database Lockouts . | . . . Manual 2 | . 2 . Terminals 17 | . 17 . Fabricators . | . . . Repair Stations . | . . . Recycling Units . | . . . Scanalyzers . | . . . Garrison Access . | . . . Terminal Hacks 5 | . 5 . Record 1 | . 1 . Prototype ID Bank 1 | . 1 . Locate Traps 1 | . 1 . Registered Components 1 | . 1 . Zone Layout 1 | . 1 . Fabricator Hacks . | . . . Repair Station Hacks . | . . . Recycling Unit Hacks . | . . . Scanalyzer . | . . . Garrison Access Hacks . | . . . Unauthorized Hacks 2 | . 2 . Terminals 2 | . 2 . Botnet 2 | . 2 . Fabricators . | . . . Repair Stations . | . . . Recycling Units . | . . . Scanalyzers . | . . . Garrison Access . | . . . Data Cores Recovered . | . . . Used . | . . . Hacking Detections 6 | . 6 . Full Trace Events 1 | . 1 . Feedback Events . | . . . Feedback Blocked . | . . . Robot Schematics Acquired . | . . . Robots Built . | . . . Authchips . | . . . Time . | . . . Total Robot Build Rating . | . . . Part Schematics Acquired . | . . . Parts Built . | . . . Authchips . | . . . Time . | . . . Total Part Build Rating . | . . . Parts Repaired . | . . . Time . | . . . Parts Recycled . | . . . Recycled Matter . | . . . Retrieved Matter . | . . . Retrieved Components . | . . . Parts Scanalyzed . | . . . Part Schematics Acquired . | . . . Parts Damaged . | . . . Bothacking | -11 -10 -10 ------------ Run | Yrd Mat Min Used RIF Installer . | . . . Robots Hacked . | . . . Non-combat . | . . . Combat . | . . . Robot Hacks Applied . | . . . Relay Couplers Released . | . . . Fabnet Peak Effective % . | . . . Robots Rewired . | . . . Allies Hacked . | . . . Hacks Repelled . | . . . Allies | -11 -10 -10 -------- Run | Yrd Mat Min Total Allies . | . . . Largest Group . | . . . Highest-Rated Group . | . . . Highest-Rated Ally . | . . . Total Orders . | . . . Ally Attacks . | . . . Total Damage . | . . . Kills . | . . . Allies Corrupted . | . . . Allies Melted . | . . . Intel | -11 -10 -10 ------- Run | Yrd Mat Min Active Infowar (turns) 1579 | . 1042 537 Terrain 1579 | . 1042 537 Robot Analysis Total . | . . . Derelict Logs Recovered . | . . . Drone Launches . | . . . Drone Recoveries . | . . . Exploration | -11 -10 -10 ------------- Run | Yrd Mat Min Turns Passed 1836 | 72 1193 571 Spaces Moved 954 | 39 631 284 Core 3 | 1 . 2 Treads 936 | 26 631 279 Legs . | . . . Wheels 15 | 12 . 3 Hover . | . . . Flight . | . . . Fastest Speed 50 | 50 160 100 Average Speed 158 | 136 160 159 Slowest Speed 250 | 160 160 250 Overloaded Moves . | . . . Propulsion Burnouts . | . . . Robots Hopped . | . . . Potential Cave-ins . | . . . Cave-ins Triggered . | . . . Exploration Rate (%) 50 | 3 97 51 Regions Visited 2 Branch Regions 1 Pre-discovered Areas . | . . . Known Exits Taken . | . . . Unknown Exits Taken 2 | 1 1 . Scrap Searched 1 | . . 1 Spaces Dug . | . . . Terrain Destroyed . | . . . Melee . | . . . Projectile . | . . . AOE . | . . . Terrain Rammed . | . . . Walls Destroyed . | . . . Machines Disabled . | . . . Actions | -11 -10 -10 --------- Run | Yrd Mat Min Total 1134 | 55 732 347 Wait 19 | . 10 9 Move 952 | 38 630 284 Hop . | . . . Pick Up 22 | 4 13 5 Fast Attach 10 | 8 2 . Attach 8 | 1 1 6 Detach 4 | 3 1 . Swap 8 | . 6 2 Drop 19 | . 14 5 Fire 91 | 1 54 36 Melee 1 | . 1 . Ram . | . . . Kick . | . . . Crush . | . . . Escape Stasis . | . . . Rewire . | . . . Trap . | . . . Miscellaneous . | . . . Route ------- -11/Scrapyard -10/Materials (discovered 5 exits: [*Mat x3] / [*Min x2]) -10/Mines (discovered 2 exits: [*Mat] / [*Sub]) History --------- Turn | Location | Event 2 | -11/Scrapyard | Met Revision 17 26 | -11/Scrapyard | Discovered new exit (range 14) 73 | -11/Scrapyard | Entered Materials 275 | -10/Materials | Discovered new exit (range 14) 301 | -10/Materials | Build established: Mutant 433 | -10/Materials | Discovered new exit (range 15) 706 | -10/Materials | Discovered new exit (range 15) 982 | -10/Materials | Discovered new exit (range 13) 1159 | -10/Materials | Discovered new exit (range 16) 1266 | -10/Materials | Entered Mines 1315 | -10/Mines | Met a Derelict bent on vengeance 1413 | -10/Mines | Discovered new exit (range 6) 1695 | -10/Mines | Discovered new exit (range 10) 1780 | -10/Mines | Assembled infested the area 1799 | -10/Mines | Core integrity fell below 50% 1817 | -10/Mines | Core integrity fell below 20% 1837 | -10/Mines | Destroyed by as-89691 with Assembled Heavy Rifle Last Messages --------------- 01699_ K-01 Serf collects debris. 01760_ Searching scrap... 01760_ Found Structural Scanner. 01760_ Found 64 Matter. 01767_ Acquired Structural Scanner. 01780_ ALERT: Infestation in the mines, dispatching Demolisher response squad. 01796_ Ion Engine destroyed. 01797_ Lgt. Assault Rifle destroyed. 01802_ Lgt. Treads destroyed. 01803_ Terrain Scanner destroyed. 01806_ Com. Wheel destroyed. 01808_ Lgt. Assault Rifle destroyed. 01812_ as-87062 destroyed. 01814_ Lgt. Treads destroyed. 01823_ as-10498 destroyed. 01823_ Switching to secondary target: as-21085. 01826_ as-21085 destroyed. 01829_ as-15899 destroyed. 01833_ Lgt. Assault Rifle destroyed. Map ----- +----------------------------------------------------+ | | | | | | | | | | | | | | | | | | | | | | | | | | | | | | | | | | | ??????????????????????#??????????????????????????? | | ??????????????????????????????######?????????????? | | ?????????###???????????????#### ##????????????? | | ###?????## ##########?????# #????????????? | | ##????# #?????# ?????????????? | | <##???## #?????# ????????#?????? | | #??????## ## ####### #??????????????? | | #????#??# ## % ## #??????????????? | | #???#???# ### @ #?# #??????????????? | | ##?#?????# ##?########a### #??????????????? | | #????????## ###???#???#a## ##?????????????? | | #?#???????## ##??????## a #### #???????? | | #???#??????## ###?##?# aa #??????? | | ############# ##???# aa #??????? | | #???## ##??????? | | ############### #????### ##???????? | | ##?????????????# #?????## ##????????? | | #??????????#???? #?????# ???????? | | ##?#???????????## #????# ??????? | | #?#???#?????????# #???#?# ## #### ?????? | | #???????????????? ??? #? #???? ????? | | #########???#???? """ ?? #? #????? ????? | | ??""" ###?### #??#??????????? | | #########?????????"?" #????## ##?? ??????????? | | #????#???????????????? ??#??####??????????????? | | =#?#??? ????????????????????????????????????????? | | %#?#????????????????????????????????????????????? | | #??????????#???????????????????????????????????? | | #?????????#????????????????????????????????????? | | ###??????????????????????????????????????????????? | | #??#?? ??????????????????????????????????????????? | | #??#?????????????????????????????????????????????? | | #???#????????????????????????????????????????????? | +----------------------------------------------------+ Best States ------------- Heat Dissipation 25 Energy Generation 10 Energy Capacity 250 Matter Stores 300 Matter Capacity 300 Sight Range 16 Terrain Scan Range 14 Terrain Scan Density 10 Evasion (%) 42 Recoil Reduction 2 Item Schematics ----------------- None Robot Schematics ------------------ None Fabricated ------------ Nothing Repaired ---------- Nothing Alien Tech Used ----------------- None Achievements -------------- None Challenges ------------ None Game ------ Seed UltimateGrenadeParser Manual? 0 Play Time 00:21:04 Cumulative 359.2 hours Start 2025.05.11 @ 12:15:11 End 2025.05.11 @ 12:37:19 Sessions 1 Manual Loads 0 Difficulty Rogue Special Mode None Game No. 436 Rogue 436 Adventurer 0 Explorer 0 Win Type - Total 37 Types 27/0/7/3/0/0/0/0/0/0 Lore% 52 Gallery% 67 Achievement% 61 Wizard Run 0 Options --------- Layout 0 ASCII 0 Keyboard 1 Movement Numpad Keybinds 0 Fullscreen 1 Font 24/Smallcaps Map View 76x50 Zoom Use 0% Tactical HUD 1 Map Filters NONE Filters NONE Steam 1 RUN: 11d4d50e-15a9-4f6b-87d8-4b0d8ad467f1